[Event "Late-Titled-Tuesday-Blitz-April-30-2024"]
[Site "Chess.com"]
[Date "2024.04.30"]
[Round "1"]
[White "Mackster23"]
[Black "Patolindo"]
[Result "1-0"]
[WhiteElo "2586"]
[BlackElo "2227"]
[TimeControl "180+1"]
[EndTime "14:01:30 PDT"]
[Termination "Mackster23 won by resignation"]

1. e4 c5 2. Nf3 d6 3. d4 cxd4 4. Nxd4 Nf6 5. Nc3 a6 6. Be3 Ng4 7. Bc1 Nc6 8. f3 Nge5 9. Be3 g6 10. Be2 Qb6 11. Rb1 Bg7 12. Nf5 1-0

[Event "Late-Titled-Tuesday-Blitz-April-30-2024"]
[Site "Chess.com"]
[Date "2024.04.30"]
[Round "1"]
[White "KVAIDAN"]
[Black "AlexPapasimakopoulos"]
[Result "0-1"]
[WhiteElo "2343"]
[BlackElo "2642"]
[TimeControl "180+1"]
[EndTime "14:01:57 PDT"]
[Termination "AlexPapasimakopoulos won by resignation"]

1. f4 d5 2. Nf3 Nf6 3. e3 Bg4 4. Be2 Nc6 5. O-O Bxf3 6. Bxf3 e5 7.
c4 dxc4 8. Bxc6+ bxc6 9. Qa4 Bd6 10. Qxc6+ Kf8 11. Nc3 exf4 12. exf4 Rb8 13. Qxc4 Rb4 14. Qd3 Bc5+ 0-1

[Event "Late-Titled-Tuesday-Blitz-April-30-2024"]
[Site "Chess.com"]
[Date "2024.04.30"]
[Round "1"]
[White "ganzy"]
[Black "manitodeplomo"]
[Result "0-1"]
[WhiteElo "2284"]
[BlackElo "2615"]
[TimeControl "180+1"]
[EndTime "14:01:59 PDT"]
[Termination "manitodeplomo won by resignation"]

1. Nf3 g6 2. g3 Bg7 3. Bg2 e5 4. O-O Ne7 5. d3 O-O 6. Nbd2 d5 7. e4 c5 8. c3 Nbc6 9. Qc2 h6 10. a4 Be6 11.
exd5 Nxd5 12. Nc4 Qc7 13. a5 Rad8 14. Be3 Nxe3 15. Nxe3 Nxa5 16. Rfe1 b6 17. b3 Bxb3 0-1

[Event "Late-Titled-Tuesday-Blitz-April-30-2024"]
[Site "Chess.com"]
[Date "2024.04.30"]
[Round "1"]
[White "CM_rui"]
[Black "2L8IWUN"]
[Result "1-0"]
[WhiteElo "2551"]
[BlackElo "2050"]
[TimeControl "180+1"]
[EndTime "14:02:02 PDT"]
[Termination "CM_rui won by resignation"]

1. e4 e5 2. Nf3 Nc6 3. Bb5 a6 4. Ba4 Nf6 5. O-O Be7 6. Re1 b5 7. Bb3 O-O 8. c3 d5 9. exd5 Nxd5 10. Nxe5 Nxe5 11. Rxe5 c6 12. d3 Bd6 13. Re1 1-0

[Event "Late-Titled-Tuesday-Blitz-April-30-2024"]
[Site "Chess.com"]
[Date "2024.04.30"]
[Round "1"]
[White "rionelG"]
[Black "RuperezA"]
[Result "0-1"]
[WhiteElo "2286"]
[BlackElo "2615"]
[TimeControl "180+1"]
[EndTime "14:02:26 PDT"]
[Termination "RuperezA won by resignation"]

1. e4 e6 2. d3 d5 3. Nd2 Nc6 4. g3 Nf6 5. Bg2 e5 6. Ngf3 Bc5 7. O-O O-O 8. exd5 Nxd5 9. Nc4 Re8 10. Re1 f6 11.
Ne3 Be6 12. Nh4 Nxe3 13. Bxe3 Bxe3 14. Rxe3 Qd7 15. c3 Rad8 16. Qa4 a6 17. Bxc6 bxc6 18. Qxa6 Ra8 19. Qb7 Reb8 0-1

[Event "Late-Titled-Tuesday-Blitz-April-30-2024"]
[Site "Chess.com"]
[Date "2024.04.30"]
[Round "1"]
[White "Anton_Demchenko"]
[Black "DirtyKabab"]
[Result "1-0"]
[WhiteElo "2927"]
[BlackElo "2497"]
[TimeControl "180+1"]
[EndTime "14:02:30 PDT"]
[Termination "Anton_Demchenko won by resignation"]

1. e4 e5 2. Nf3 Nc6 3. Bc4 Nf6 4.
d3 a6 5. O-O h6 6. c3 Bc5 7. d4 exd4 8. cxd4 Ba7 9. d5 Ne7 10.
e5 Ne4 11. d6 1-0

[Event "Late-Titled-Tuesday-Blitz-April-30-2024"]
[Site "Chess.com"]
[Date "2024.04.30"]
[Round "1"]
[White "english_player_89"]
[Black "amintabatabaei"]
[Result "0-1"]
[WhiteElo "2526"]
[BlackElo "3107"]
[TimeControl "180+1"]
[EndTime "14:02:36 PDT"]
[Termination "amintabatabaei won by resignation"]

1. e4 c5 2. Nf3 e6 3. g3 Nc6 4. Bg2 Nf6 5. Qe2 e5 6. O-O Be7 7. c3 d6 8. Rd1 O-O 9. d4 Qc7 10. dxc5 dxc5 11. Na3 Bg4 12. h3 Be6 13. Nc4 Rad8 14.
Bg5 b5 15. Bxf6 Bxc4 0-1

[Event "Late-Titled-Tuesday-Blitz-April-30-2024"]
[Site "Chess.com"]
[Date "2024.04.30"]
[Round "1"]
[White "karinachess1"]
[Black "rikchessmx"]
[Result "1-0"]
[WhiteElo "2607"]
[BlackElo "2261"]
[TimeControl "180+1"]
[EndTime "14:02:59 PDT"]
[Termination "karinachess1 won by resignation"]

1. d4 Nf6 2. c4 e6 3. Nc3 d5 4. cxd5 exd5 5. Bg5 Nbd7 6. e3 Be7 7.
Bd3 O-O 8. Nf3 c6 9. Qc2 Re8 10. O-O g6 11. a3 a5 12. Rab1 Nh5 13. Bxe7 Qxe7 14. Na4 f5 15. b4 axb4 16. axb4 f4 17.
Rfe1 fxe3 18. Rxe3 Qf8 19. Bxg6 hxg6 20. Qxg6+ Ng7 21.
Ng5 Nf6 22. Rf3 Qf7 23. Qxf7+ 1-0

[Event "Late-Titled-Tuesday-Blitz-April-30-2024"]
[Site "Chess.com"]
[Date "2024.04.30"]
[Round "1"]
[White "nicolasbatista3"]
[Black "Mops_2004"]
[Result "0-1"]
[WhiteElo "2443"]
[BlackElo "2796"]
[TimeControl "180+1"]
[EndTime "14:03:07 PDT"]
[Termination "Mops_2004 won by resignation"]

1. d4 g6 2. c4 Bg7 3. Nc3 d6 4. h3 e5 5. dxe5 dxe5 6. Nf3 Qxd1+ 7. Nxd1 Nc6 8. a3 e4 9. Ng5 Nd4 10. Rb1 f5 11. Ne3 Nf6 12. Bd2 h6 13. Bc3 c5 14. f4 hxg5 15. fxg5 Nh7 16. b4 Nxg5 17. bxc5 Ndf3+ 18. gxf3 Bxc3+ 19. Kf2 exf3 20. exf3 Bd4 21. c6 bxc6 0-1

[Event "Late-Titled-Tuesday-Blitz-April-30-2024"]
[Site "Chess.com"]
[Date "2024.04.30"]
[Round "1"]
[White "Casablanca"]
[Black "Hirna2005"]
[Result "1-0"]
[WhiteElo "2642"]
[BlackElo "2344"]
[TimeControl "180+1"]
[EndTime "14:03:22 PDT"]
[Termination "Casablanca won by resignation"]

1. e4 g6 2. d4 Bg7 3. c4 d6 4. Nc3 Nc6 5. Nge2 e5 6. Be3 exd4 7. Nxd4 Nge7 8. h4 f5 9. h5 fxe4 10. hxg6 Nxg6 11. Qd2 Bg4 12. f3 exf3 13. gxf3 Bd7 14. Bg5 Bf6 15. Bxf6 Qxf6 16. Ndb5 O-O-O 17. O-O-O a6 18.
Nxc7 Qxf3 19. Bg2 Qf4 20. N7d5 Bg4 21. Nxf4 1-0

[Event "Late-Titled-Tuesday-Blitz-April-30-2024"]
[Site "Chess.com"]
[Date "2024.04.30"]
[Round "1"]
[White "annasargsyan_m"]
[Black "cristiano78"]
[Result "1-0"]
[WhiteElo "2614"]
[BlackElo "2283"]
[TimeControl "180+1"]
[EndTime "14:03:22 PDT"]
[Termination "annasargsyan_m won by resignation"]

1. d4 Nf6 2. c4 g6 3. g3 Bg7 4. Bg2 O-O 5. Nc3 d6 6. e4 Nc6 7. Nf3 Bg4 8. h3 Bxf3 9. Bxf3 e5 10. d5 Nd4 11. Bg2 c5 12. dxc6 bxc6 13. O-O c5 14. Kh2 Rb8 15. b3 Ne8 16. Nd5 Nc7 17. Be3 Nxd5 18.
cxd5 f5 19. f4 exf4 20. Bxf4 fxe4 21. Bxe4 Qe7 22. Qd3 Rbe8 23. Rae1 g5 24. Bxh7+ Kh8 25. Rxe7 Rxe7 26. Bxg5 Rxf1 27. Bxe7 Rf2+ 28. Kg1 Rf3 29. Qe4 Rxg3+ 30. Kh2 Be5 31. Bf6+ Bxf6 32. Kxg3 Be5+ 33. Kf2 Nb5 34. Qg6 Bg7 35. Qh5 1-0

[Event "Late-Titled-Tuesday-Blitz-April-30-2024"]
[Site "Chess.com"]
[Date "2024.04.30"]
[Round "1"]
[White "HandKnit"]
[Black "jcibarra"]
[Result "0-1"]
[WhiteElo "2507"]
[BlackElo "2999"]
[TimeControl "180+1"]
[EndTime "14:03:29 PDT"]
[Termination "jcibarra won by resignation"]

1. c4 e5 2. Nc3 Nf6 3. Nf3 d6 4. d4 e4 5. Ng5 Qe7 6. Qc2 Bf5 7. f3 Nc6 8. e3 Nxd4 9. Qa4+ Nc6 10. Nd5 Nxd5 11.
cxd5 Qxg5 12. dxc6 b6 13. f4 Qg6 14. Bd2 d5 15. b4 Be7 16. Rc1 Bh4+ 17. g3 Bxg3+ 0-1

[Event "Late-Titled-Tuesday-Blitz-April-30-2024"]
[Site "Chess.com"]
[Date "2024.04.30"]
[Round "1"]
[White "Blampman"]
[Black "Jakhongir-Vakhidov"]
[Result "0-1"]
[WhiteElo "2416"]
[BlackElo "2723"]
[TimeControl "180+1"]
[EndTime "14:03:29 PDT"]
[Termination "Jakhongir-Vakhidov won by resignation"]

1. d4 Nf6 2. c4 d6 3. Nc3 e5 4. Nf3 e4 5. Ng5 Qe7 6. g3 h6 7. Nh3 c6 8. Bg2 g6 9. Nf4 g5 10. Nh3 Bg7 11. O-O O-O 12. f4 exf3 13. Nf4 gxf4 14.
exf3 fxg3 15. hxg3 Nh5 16. Kh2 Qf6 17. d5 Qg6 18.
Qe1 Nd7 19. f4 Ndf6 20. Be3 Ng4+ 21. Kg1 c5 22. Bd2 Bf5 23. Rf3 Bd4+ 24. Kh1 Nhf6 25. Bh3 Qh5 26. Kg2 Ne3+ 27. Rxe3 Qxh3+ 28. Kg1 Ng4 29. Qe2 Rae8 30. Nd1 Qxg3+ 0-1

[Event "Late-Titled-Tuesday-Blitz-April-30-2024"]
[Site "Chess.com"]
[Date "2024.04.30"]
[Round "1"]
[White "CrushingKings"]
[Black "AlainBruxelles"]
[Result "1-0"]
[WhiteElo "2602"]
[BlackElo "2246"]
[TimeControl "180+1"]
[EndTime "14:03:32 PDT"]
[Termination "CrushingKings won by resignation"]

1. Nf3 d5 2. g3 g6 3. Bg2 Bg7 4. d4 Nf6 5. O-O O-O 6. c4 c6 7.
b3 Ne4 8. Bb2 Nd7 9. Nbd2 Nxd2 10. Qxd2 Nf6 11. Qc2 Bf5 12. Qc1 Qd7 13. Ne5 Qe6 14. Re1 Bh3 15. Bh1 Ng4 16. Nd3 Bh6 17. Qc2 Be3 18. Bf3 Bh6 19. e4 dxe4 20. Rxe4 Qd7 21.
Bxg4 Bxg4 22. Ne5 Qc8 23. Nxg4 f5 24. Nxh6+ 1-0

[Event "Late-Titled-Tuesday-Blitz-April-30-2024"]
[Site "Chess.com"]
[Date "2024.04.30"]
[Round "1"]
[White "bobo_panda"]
[Black "WildTricks"]
[Result "0-1"]
[WhiteElo "2413"]
[BlackElo "2714"]
[TimeControl "180+1"]
[EndTime "14:03:44 PDT"]
[Termination "WildTricks won by checkmate"]

1. e4 c5 2. Nf3 d6 3. d4 cxd4 4. Nxd4 Nf6 5. Nc3 a6 6. Be3 e5 7. Nb3 Be6 8. f3 h5 9. Qd2 Nbd7 10. O-O-O Rc8 11. Kb1 b5 12. g3 Nb6 13. Na5 d5 14. exd5 Nfxd5 15. Nxd5 Nxd5 16. Bf2 Nc3+ 17. bxc3 Qxa5 18.
c4 Bb4 19. Qd3 Bc3 20. Qxc3 Qxc3 21. cxb5 Qxc2+ 22. Ka1 Qxa2# 0-1

[Event "Late-Titled-Tuesday-Blitz-April-30-2024"]
[Site "Chess.com"]
[Date "2024.04.30"]
[Round "1"]
[White "ACollins05"]
[Black "LuciaMalanRamos"]
[Result "1-0"]
[WhiteElo "2555"]
[BlackElo "2114"]
[TimeControl "180+1"]
[EndTime "14:03:51 PDT"]
[Termination "ACollins05 won by checkmate"]

1. e4 c5 2. Nf3 Nc6 3. c3 Nf6 4. e5 Nd5 5. d4 cxd4 6. cxd4 e6 7. Bd2 d6 8. Nc3 Be7 9. Bd3 O-O 10. h4 dxe5 11. dxe5 h6 12. h5 Bb4 13. Nxd5 Bxd2+ 14. Qxd2 Qxd5 15. Qe2 Nd4 16. Nxd4 Qxd4 17. O-O Bd7 18. Rad1 Qf4 19. Qe4 Qxe4 20. Bxe4 Bc6 21. Bxc6 bxc6 22. Rd6 Rab8 23. b3 Rb6 24. Rc1 Rc8 25. Rd7 a6 26.
Ra7 c5 27. Rd1 c4 28. bxc4 Rxc4 29. Rd8+ Kh7 30. Rxf7 Rh4 31. f4 Rg4 32. Rff8 g6 33. Rf7# 1-0

[Event "Late-Titled-Tuesday-Blitz-April-30-2024"]
[Site "Chess.com"]
[Date "2024.04.30"]
[Round "1"]
[White "The_Straightforward_Rook"]
[Black "SpeedofLight0"]
[Result "0-1"]
[WhiteElo "2513"]
[BlackElo "3028"]
[TimeControl "180+1"]
[EndTime "14:03:57 PDT"]
[Termination "SpeedofLight0 won by resignation"]

1. e4 c6 2. d4 d5 3. e5 c5 4. Nf3 cxd4 5. Nxd4 Nc6 6. Nxc6 bxc6 7. Bd3 e6 8. O-O Ne7 9. Nd2 Qc7 10. Re1 Ng6 11. Nf3 Be7 12. c4 O-O 13. h4 Rd8 14. h5 dxc4 15.
hxg6 fxg6 16. Re3 Bc5 17. Re4 cxd3 18. Bg5 Rd5 19. Rc1 Rb8 20. Rec4 Qb6 21. Bh4 Ba6 22. R4c3 Rf8 23. a3 Bb5 24. b4 Bd4 25. Nxd4 Qxd4 26.
Bg3 d2 27. R1c2 Be2 0-1

[Event "Late-Titled-Tuesday-Blitz-April-30-2024"]
[Site "Chess.com"]
[Date "2024.04.30"]
[Round "1"]
[White "luggevoila"]
[Black "Oleg_Papayan"]
[Result "0-1"]
[WhiteElo "2345"]
[BlackElo "2646"]
[TimeControl "180+1"]
[EndTime "14:04:01 PDT"]
[Termination "Oleg_Papayan won by resignation"]

1. e4 d5 2. exd5 Qxd5 3. Nc3 Qd8 4. d4 c6 5. Nf3 Bf5 6. Bc4 e6 7. Ne5 Nd7 8. Qe2 Nb6 9. Bb3 Qxd4 10. O-O Bd6 11. Nf3 Qg4 12. Rd1 Be7 13. a4 Nf6 14.
a5 Nbd5 15. Nxd5 Nxd5 16. a6 b5 17. c4 bxc4 18. Bxc4 O-O 19. Qe1 Bb4 20. Bd2 Qxc4 0-1

[Event "Late-Titled-Tuesday-Blitz-April-30-2024"]
[Site "Chess.com"]
[Date "2024.04.30"]
[Round "1"]
[White "bubeliang"]
[Black "Slovineanu"]
[Result "1/2-1/2"]
[WhiteElo "2819"]
[BlackElo "2472"]
[TimeControl "180+1"]
[EndTime "14:04:21 PDT"]
[Termination "Game drawn by agreement"]

1. e4 c6 2. d4 d5 3. Nd2 dxe4 4. Nxe4 Nf6 5. Nxf6+ exf6 6. c3 Bd6 7. Bd3 Na6 8. Qc2 h5 9. Ne2 Nc7 10. Bf4 Be6 11.
O-O Kf8 12. Qd2 g6 13. Bxd6+ Qxd6 14. f4 f5 15. Qe3 Kg7 16. Qe5+ Qxe5 17. fxe5 b5 18.
Nf4 a5 19. Be2 a4 20. Bf3 Bd5 21. Rfe1 Rhe8 22. Bxd5 Nxd5 23. Nxd5 cxd5 24. a3 Rac8 25. Kf2 f6 26. Rad1 Kf7 27. Re3 fxe5 28. dxe5 Ke6 29. Rd4 Rc4 30. Red3 1/2-1/2

[Event "Late-Titled-Tuesday-Blitz-April-30-2024"]
[Site "Chess.com"]
[Date "2024.04.30"]
[Round "1"]
[White "Shankland"]
[Black "maximnovik"]
[Result "1-0"]
[WhiteElo "2949"]
[BlackElo "2501"]
[TimeControl "180+1"]
[EndTime "14:04:26 PDT"]
[Termination "Shankland won by resignation"]

1. d4 Nf6 2. c4 g6 3. Nc3 d5 4. Nf3 Bg7 5. Qb3 dxc4 6. Qxc4 O-O 7. e4 Be6 8. Qa4 c5 9. d5 Bd7 10. Qb3 Na6 11. Be2 e6 12. O-O exd5 13. exd5 c4 14.
Qxc4 Rc8 15. Qh4 Nc5 16. Bg5 Qb6 17. Rad1 Rfe8 18. d6 Nfe4 19. Be7 Nxc3 20. bxc3 Ne6 21. Bc4 Qc5 22. Bxe6 Bxe6 23. Ng5 h6 24. Nxe6 fxe6 25. d7 1-0

[Event "Late-Titled-Tuesday-Blitz-April-30-2024"]
[Site "Chess.com"]
[Date "2024.04.30"]
[Round "1"]
[White "GolfBeforeChess"]
[Black "Mikhail_Golubev"]
[Result "0-1"]
[WhiteElo "2313"]
[BlackElo "2627"]
[TimeControl "180+1"]
[EndTime "14:04:27 PDT"]
[Termination "Mikhail_Golubev won by resignation"]

1. Nf3 d6 2. d4 Nf6 3. g3 g6 4.
Bg2 Bg7 5. b3 O-O 6. Bb2 a5 7. a3 a4 8. b4 d5 9. Nbd2 Nbd7 10.
O-O Nb6 11. Rc1 c6 12. c4 Nxc4 13. Nxc4 dxc4 14. Rxc4 Be6 15. Rc1 Bb3 16. Qd3 Nd7 17. Nd2 Be6 18. e4 Ne5 19. Qc2 Ng4 20. h3 Nf6 21. f4 Nh5 22. g4 Bxd4+ 23. Bxd4 Qxd4+ 24. Kh2 Nf6 25. f5 Bb3 26. Nxb3 axb3 27. Qxb3 Nxe4 28. Rc4 Qd6+ 29. Kg1 Nd2 30. Qc2 Nxc4 31. Qxc4 Rxa3 32. fxg6 hxg6 33. b5 cxb5 34. Qxb5 b6 35. Qc4 Qc5+ 0-1

[Event "Late-Titled-Tuesday-Blitz-April-30-2024"]
[Site "Chess.com"]
[Date "2024.04.30"]
[Round "1"]
[White "Slovak_fighter2000"]
[Black "bascheyaro"]
[Result "0-1"]
[WhiteElo "2468"]
[BlackElo "2844"]
[TimeControl "180+1"]
[EndTime "14:04:30 PDT"]
[Termination "bascheyaro won by resignation"]

1. d4 Nf6 2. Nf3 d5 3. c4 c6 4. e3 Bf5 5. Nc3 e6 6. Qb3 Qb6 7. Nh4 Be4 8. Nxe4 Nxe4 9. c5 Qa5+ 10. Ke2 b5 11. f3 Nxc5 12. dxc5 g5 13. Bd2 Qc7 14. Qc3 Rg8 15. g3 gxh4 16. gxh4 Nd7 17.
Bh3 Nxc5 18. Rac1 a5 19. Qc2 f5 20. b4 axb4 21. Bxb4 Nd7 22. Bxf8 Kxf8 23. a4 Rxa4 24. Bxf5 Rg2+ 0-1

[Event "Late-Titled-Tuesday-Blitz-April-30-2024"]
[Site "Chess.com"]
[Date "2024.04.30"]
[Round "1"]
[White "ameetghasi100"]
[Black "ALBERT_KLOC"]
[Result "1-0"]
[WhiteElo "2819"]
[BlackElo "2447"]
[TimeControl "180+1"]
[EndTime "14:04:33 PDT"]
[Termination "ameetghasi100 won by checkmate"]

1. b3 d5 2. Bb2 Nf6 3. e3 e6 4.
Nf3 Bd6 5. g4 O-O 6. g5 Nfd7 7.
h4 c5 8. c4 Nc6 9. Nc3 d4 10.
Ne4 Nde5 11. Nxe5 Nxe5 12. f4 Nc6 13. Qf3 a5 14. Bd3 a4 15. Rg1 Kh8 16. a3 axb3 17.
Qh5 g6 18. Qh6 Be7 19. h5 e5 20. Rh1 Bf5 21. hxg6 Bxg6 22. Nf6 Bxf6 23. Bxg6 fxg6 24. Qxh7# 1-0

[Event "Late-Titled-Tuesday-Blitz-April-30-2024"]
[Site "Chess.com"]
[Date "2024.04.30"]
[Round "1"]
[White "wadsy27"]
[Black "GambitGiesbergen"]
[Result "1-0"]
[WhiteElo "2621"]
[BlackElo "2296"]
[TimeControl "180+1"]
[EndTime "14:04:33 PDT"]
[Termination "wadsy27 won on time"]

1. Nf3 Nf6 2. g3 g6 3. Bg2 Bg7 4. O-O O-O 5. c4 d6 6. Nc3 Nbd7 7. Rb1 a5 8. a3 e5 9. d3 Nb6 10. b4 axb4 11. axb4 Re8 12. Bg5 h6 13. Bxf6 Bxf6 14. Nd2 Rb8 15. c5 Nd7 16. Nde4 Be7 17. cxd6 cxd6 18.
Nd5 Bf8 19. Qb3 Kg7 20. Rfc1 f5 21. Nd2 1-0

[Event "Late-Titled-Tuesday-Blitz-April-30-2024"]
[Site "Chess.com"]
[Date "2024.04.30"]
[Round "1"]
[White "mishanick"]
[Black "imdvb6307"]
[Result "1-0"]
[WhiteElo "3102"]
[BlackElo "2524"]
[TimeControl "180+1"]
[EndTime "14:04:38 PDT"]
[Termination "mishanick won by checkmate"]

1. d4 d5 2. c4 c6 3. Nc3 Nf6 4. Nf3 e6 5. g3 Nbd7 6. Bg2 dxc4 7. O-O Be7 8. a4 O-O 9. e4 e5 10. dxe5 Ng4 11. Bf4 Qa5 12. e6 fxe6 13. Bh3 Nde5 14. Bxg4 Nxg4 15. e5 Qd8 16. Nd2 Nh6 17. Bxh6 gxh6 18.
Nxc4 Qxd1 19. Raxd1 b6 20. Nd6 Ba6 21. Rfe1 Rad8 22.
Nce4 c5 23. f4 Rd7 24. Nf5 Rc7 25. Nxe7+ Rxe7 26. Rd6 Bb7 27. Nf6+ Kg7 28. Red1 Rff7 29. Rd8 Bc6 30. Rg8# 1-0

[Event "Late-Titled-Tuesday-Blitz-April-30-2024"]
[Site "Chess.com"]
[Date "2024.04.30"]
[Round "1"]
[White "Road2GM3000"]
[Black "h4parah5"]
[Result "1/2-1/2"]
[WhiteElo "2523"]
[BlackElo "3029"]
[TimeControl "180+1"]
[EndTime "14:04:43 PDT"]
[Termination "Game drawn by repetition"]

1. d4 Nf6 2. c4 g6 3. Nc3 Bg7 4. e4 d6 5. f4 Bg4 6. Nf3 O-O 7.
Be3 Nfd7 8. Be2 c5 9. d5 Na6 10. O-O Nc7 11. a4 a6 12. Qd2 Rb8 13. f5 Bxf3 14.
Rxf3 Ne5 15. Rh3 e6 16. Bh6 Bh8 17. Bxf8 Qxf8 18. fxe6 fxe6 19. Rf1 Qe7 20. b3 Rf8 21. Rxf8+ Qxf8 22. Qe1 Bf6 23. Qf1 Qg7 24. Nd1 Bg5 25.
Rg3 Bh4 26. Rh3 Bg5 27. Rg3 Bh4 28. Rh3 Bg5 1/2-1/2

[Event "Late-Titled-Tuesday-Blitz-April-30-2024"]
[Site "Chess.com"]
[Date "2024.04.30"]
[Round "1"]
[White "TheoSlade"]
[Black "RandomNoob04"]
[Result "0-1"]
[WhiteElo "2418"]
[BlackElo "2729"]
[TimeControl "180+1"]
[EndTime "14:04:46 PDT"]
[Termination "RandomNoob04 won by checkmate"]

1. d4 Nf6 2. c4 c5 3. d5 b5 4.
cxb5 a6 5. bxa6 g6 6. Nc3 Bg7 7.
e4 O-O 8. Nf3 Qa5 9. a7 Nxe4 10.
axb8=Q Rxb8 11. Bd2 Nxd2 12. Nxd2 Rxb2 13. Rc1 Bxc3 14.
Rc2 Bxd2+ 15. Rxd2 Rxa2 16. Bc4 Ra1 17. O-O Rxd1 18.
Rfxd1 d6 19. Re2 Qa4 20. Bd3 Qxd1+ 21. Re1 Qxe1+ 22. Bf1 Ba6 23. g3 Qxf1# 0-1

[Event "Late-Titled-Tuesday-Blitz-April-30-2024"]
[Site "Chess.com"]
[Date "2024.04.30"]
[Round "1"]
[White "pirulillo"]
[Black "arenal72"]
[Result "0-1"]
[WhiteElo "2306"]
[BlackElo "2625"]
[TimeControl "180+1"]
[EndTime "14:04:47 PDT"]
[Termination "arenal72 won by resignation"]

1. e4 Nc6 2. Bc4 Nf6 3. Nc3 e6 4. Nf3 d5 5. Bb5 dxe4 6. Ne5 Bd7 7. Nxd7 Qxd7 8. Qe2 a6 9. Bxc6 Qxc6 10. O-O O-O-O 11. Re1 Rd4 12. b3 Bc5 13. Bb2 Rhd8 14. Rad1 Ba7 15. Na4 R4d5 16. Bxf6 gxf6 17. Qxe4 Rxd2 18. Rxd2 Rxd2 19.
Qxc6 Bxf2+ 20. Kf1 bxc6 21. Rc1 Bd4 22. c3 Rf2+ 23. Ke1 Be3 24. Rd1 Rxg2 0-1

[Event "Late-Titled-Tuesday-Blitz-April-30-2024"]
[Site "Chess.com"]
[Date "2024.04.30"]
[Round "1"]
[White "anasta10"]
[Black "ChEsper99"]
[Result "1-0"]
[WhiteElo "2597"]
[BlackElo "2242"]
[TimeControl "180+1"]
[EndTime "14:04:47 PDT"]
[Termination "anasta10 won by resignation"]

1. Nf3 Nf6 2. c4 c6 3. Nc3 d5 4. cxd5 cxd5 5. d4 Nc6 6. Bf4 Bf5 7. Qb3 Na5 8. Qa4+ Bd7 9. Qc2 e6 10. e3 Rc8 11. Bd3 Bb4 12. O-O O-O 13. Bg5 h6 14.
Bh4 g5 15. Bg3 Nh5 16. Rac1 Nxg3 17. hxg3 Nc4 18. Qe2 Qa5 19. a3 Nxa3 20. Ra1 Rxc3 21. bxc3 Bxc3 22. Ra2 b5 23. Ne5 Rd8 24. Qh5 Be8 25.
Qxh6 f5 26. Qxe6+ Kf8 27. Qf6+ Kg8 28. Qxg5+ Kf8 29. Qf6+ Kg8 30. Rxa3 1-0

[Event "Late-Titled-Tuesday-Blitz-April-30-2024"]
[Site "Chess.com"]
[Date "2024.04.30"]
[Round "1"]
[White "moro182"]
[Black "subham777"]
[Result "1-0"]
[WhiteElo "2892"]
[BlackElo "2481"]
[TimeControl "180+1"]
[EndTime "14:04:54 PDT"]
[Termination "moro182 won on time"]

1. Nc3 d5 2. e4 e6 3. d4 Nf6 4. exd5 exd5 5. Bd3 Bd6 6. Nge2 O-O 7. Bg5 c6 8. Qd2 Re8 9. O-O-O Nbd7 10. f3 Nf8 11. Rde1 Ne6 12. Bh4 b5 13. Kb1 a5 14. g4 a4 15. Nd1 b4 16. Ne3 b3 17. Nf5 Be7 18. Nxe7+ Qxe7 19. cxb3 axb3 20. a3 Ba6 21. Bxa6 Rxa6 22.
Nf4 Qd6 23. Bxf6 gxf6 24. Nh5 Ng7 25. Qh6 1-0

[Event "Late-Titled-Tuesday-Blitz-April-30-2024"]
[Site "Chess.com"]
[Date "2024.04.30"]
[Round "1"]
[White "Darkbluelord"]
[Black "Alexei_Gubajdullin"]
[Result "0-1"]
[WhiteElo "2165"]
[BlackElo "2565"]
[TimeControl "180+1"]
[EndTime "14:04:56 PDT"]
[Termination "Alexei_Gubajdullin won by resignation"]

1. e4 e5 2. Nf3 Nf6 3. Nxe5 d6 4. Nxf7 Kxf7 5. d4 c5 6. Bc4+ Be6 7. Bxe6+ Kxe6 8. O-O cxd4 9. Qxd4 Nc6 10. Qc4+ d5 11.
exd5+ Qxd5 12. Re1+ Kf7 13. Qh4 Bc5 14. Nc3 Rae8 15. Be3 Qe6 16. h3 Bxe3 17. Rxe3 Qf5 18.
Qc4+ Kg6 19. Rg3+ Kh6 20. Qh4+ Nh5 21. Rd1 g6 22. Rd6 Qf4 23. Rg4 Qxd6 24. Qg5+ Kg7 25.
Ne4 Qe5 26. Qd2 Nf6 0-1

[Event "Late-Titled-Tuesday-Blitz-April-30-2024"]
[Site "Chess.com"]
[Date "2024.04.30"]
[Round "1"]
[White "SVijayalakshmi"]
[Black "katharinareinecke"]
[Result "1-0"]
[WhiteElo "2549"]
[BlackElo "2048"]
[TimeControl "180+1"]
[EndTime "14:04:57 PDT"]
[Termination "SVijayalakshmi won by resignation"]

1. d4 d5 2. Nf3 Nf6 3. c4 c6 4. Nc3 e6 5. cxd5 cxd5 6. Bg5 Be7 7. e3 O-O 8. Bd3 h6 9. Bh4 a6 10. O-O b5 11. Rc1 Bb7 12. Bb1 Nc6 13. a3 Na5 14.
Ne5 Nc4 15. Bxf6 Bxf6 16. Qd3 g6 17. Nxg6 fxg6 18. Qxg6+ Bg7 19. Qxe6+ Rf7 20. Bg6 Qf8 21. Nxd5 Bxd5 22. Qxd5 Ra7 23. b3 Nxa3 24. Rc6 Kh8 25. Bxf7 Rxf7 26. Rxa6 Nc2 27. Ra8 Qxa8 28. Qxa8+ Rf8 29.
Qc6 1-0

[Event "Late-Titled-Tuesday-Blitz-April-30-2024"]
[Site "Chess.com"]
[Date "2024.04.30"]
[Round "1"]
[White "OparinGrigoriy"]
[Black "Sinquefield"]
[Result "1-0"]
[WhiteElo "2991"]
[BlackElo "2505"]
[TimeControl "180+1"]
[EndTime "14:04:58 PDT"]
[Termination "OparinGrigoriy won by resignation"]

1. b3 e5 2. Bb2 Nc6 3. c4 Nf6 4. e3 d5 5. cxd5 Nxd5 6. Nc3 g6 7. Bb5 Bg7 8. Nge2 O-O 9. O-O Be6 10. Bxc6 bxc6 11.
Na4 Nb4 12. Ba3 Nd3 13. Bxf8 Qxf8 14. Nc1 e4 15. Nxd3 Bxa1 16. Qxa1 exd3 17. Qc3 Qd6 18. Nc5 Rd8 19. Ne4 Qe7 20. Nf6+ Kf8 21. Nxh7+ Kg8 22. Nf6+ Kf8 23. f3 Bc8 24. Ne4 Kg8 25. Qxc6 Bf5 26. Nf6+ Kg7 27. Nd5 Qe5 28. e4 Rh8 29. Qc3 Qxc3 30. Nxc3 Be6 31. Rc1 Rh5 32. Na4 a6 33. Rxc7 1-0

[Event "Late-Titled-Tuesday-Blitz-April-30-2024"]
[Site "Chess.com"]
[Date "2024.04.30"]
[Round "1"]
[White "nochewycandy"]
[Black "jactorres"]
[Result "1-0"]
[WhiteElo "2807"]
[BlackElo "2446"]
[TimeControl "180+1"]
[EndTime "14:04:58 PDT"]
[Termination "nochewycandy won by resignation"]

1. Nf3 Nf6 2. g3 e6 3. Bg2 Be7 4. O-O d5 5. c4 dxc4 6. Qa4+ Bd7 7. Qxc4 O-O 8. Ne5 c6 9. d4 Na6 10. Nc3 Nc7 11. Nxd7 Qxd7 12. Rd1 Rfd8 13. e4 Rac8 14. Be3 h6 15. h3 a5 16. Kh2 b5 17.
Qe2 Na6 18. a3 b4 19. Qxa6 bxc3 20. bxc3 Ra8 21. Qc4 Rdc8 22. a4 Rab8 23. Rab1 Qc7 24. Bf4 Qa7 25. Bxb8 Rxb8 26. Qxc6 Kh7 27. e5 Nd7 28.
Rxb8 Nxb8 29. Qe4+ Kg8 30. Rb1 Qc7 31. Rb7 1-0